 Dungeon Crawl Stone Soup version 0.31.0-11-ge490571c62 (webtiles) character file.

Game seed: 15992177904167823112

1190 sanka the Nimble (level 8, -4/46 HPs)
             Began as a Kobold Brigand on Feb 2, 2024.
             Slain by a gnoll
             ... wielding a +0 whip
             ... led by a gnoll sergeant
              (5 damage)
             ... on level 5 of the Dungeon.
             The game lasted 00:07:12 (4804 turns).

sanka the Nimble (Kobold Brigand)                   Turns: 4804, Time: 00:07:13

Health: -4/46      AC:  7    Str:  9    XL:     8   Next: 71%
Magic:  8/8        EV: 20    Int: 12    God:
Gold:   394        SH:  0    Dex: 16    Spells: 7/7 levels left

rFire   . . .        b - +8 flail of Golden Subterfuge {heavy, rElec rC+ Dex-2}
rCold   + . .        (no shield)
rNeg    . . .        u - +0 robe
rPois   .            (no helmet)
rElec   +            c - +0 cloak
rCorr   .            (no gloves)
SInv    .            (no boots)
Will    .....        (no amulet)
Stlth   +++++        k - +4 ring of protection
HPRegen 0.27/turn    (no ring)
MPRegen 0.11/turn

%: no passive effects
@: no status effects
A: small, no large weapons, nightstalker 3
a: no special abilities


You were on level 5 of the Dungeon.
You visited 1 branch of the dungeon, and saw 5 of its levels.
You also visited: Ossuary.

You collected 394 gold pieces.


Innate Abilities, Weirdness & Mutations

You are small and have problems with some larger weapons.
You are completely attuned to the shadows.


   Skills:
 - Level 3.0 Fighting
 - Level 4.0 Short Blades
 - Level 2.1 Throwing
 + Level 10.0 Dodging
 - Level 8.0 Stealth


You had 7 spell levels left.
You didn't know any spells.
Your spell library contained the following spells:

 Spells                   Type           Power      Damage    Failure   Level
 Sting                    Conj/Alch      0%         1d3       32%         1
 Blink                    Tloc           0%         N/A       45%         2
 Lesser Beckoning         Tloc           0%         N/A       45%         2
 Momentum Strike          Conj/Tloc      0%         3d8       45%         2

Inventory:

Hand Weapons
 a - a +1 dagger of venom
 b - the +8 flail of Golden Subterfuge (weapon) {heavy, rElec rC+ Dex-2}

   Dex-2:     It affects your dexterity (-2).
   rC+:       It protects you from cold.
   rElec:     It insulates you from electricity.
Missiles
 d - 13 poisoned darts (quivered)
 e - 3 curare-tipped darts {=f}
Armour
 c - a +0 cloak (worn)
 u - a +0 robe (worn)
Jewellery
 k - a +4 ring of protection (left hand)
Talismans
 l - a beast talisman
 I - a blade talisman
Wands
 x - a wand of roots (18)
Scrolls
 f - 4 scrolls of blinking {unknown}
 g - 6 scrolls of revelation {unknown}
 i - a scroll of butterflies {unknown}
 j - 10 scrolls of identify {unknown}
 o - 3 scrolls of enchant weapon {unknown}
 r - a scroll of noise {unknown}
 s - 2 scrolls of fog {unknown}
 t - 4 scrolls of amnesia {unknown}
 w - a scroll of immolation {unknown}
 y - a scroll of fear {unknown}
 z - 2 scrolls of vulnerability {unknown}
 A - a scroll of teleportation {unknown}
 E - a scroll of poison {unknown}
Potions
 h - 2 potions of ambrosia {unknown}
 m - 9 potions of curing {unknown}
 n - a potion of invisibility {unknown}
 p - 2 potions of heal wounds {unknown}
 q - 5 potions of might {unknown}
 v - 2 potions of haste {unknown}
 B - 2 potions of berserk rage {unknown}
 C - 3 potions of attraction {unknown}
 D - a potion of resistance {unknown}
 F - a potion of lignification {unknown}
 G - a potion of mutation {unknown}
 H - a potion of enlightenment {unknown}

Dungeon Overview and Level Annotations

Branches:
Dungeon (5/15)            Ossuary (visited)
 Temple: D:4-7

Altars:
Cheibriados
Fedhas
Gozag

Shops:
D:2

(==* ▒ ▒▒.†.........(....▒▒ ▒
▒▒..................▒▒ ▒▒
▒▒...†....... .......▒ .▒▒
▒▒.....................▒▒
..▒▒▒▒.......................▒.
▒..▒▒.........................▒
▒▒..........g.................▒
▒▒.............^.............▒
▒.............K.....)........
▒▒..........gg...............
▒▒▒..........g.g..............
▒g...▒.........>.............
.gg▒▒▒▒.....................
g▒▒ ▒▒...................
▒▒..............)...
▒▒.............)...
...▒................


You could see a gnoll sergeant and 4 gnolls.


Message History

The gnoll closely misses you.
Unknown command.
The gnoll attacks as it pursues you! The gnoll completely misses you.
The gnoll attacks as it pursues you! The gnoll hits you but does no damage.
You barely miss the gnoll.
The gnoll is severely wounded.
The gnoll sergeant barely misses you.
The gnoll sergeant attacks as it pursues you!
The gnoll sergeant barely misses you. The gnoll attacks as it pursues you!
The gnoll closely misses you.
The gnoll sergeant attacks as it pursues you!
The gnoll sergeant hits you from afar with a +0 trident!
* * * LOW HITPOINT WARNING * * *
The gnoll attacks as it pursues you! The gnoll closely misses you.
The gnoll attacks as it pursues you!
The gnoll hits you from afar with a +0 halberd!
* * * LOW HITPOINT WARNING * * *
The gnoll sergeant attacks as it pursues you!
The gnoll sergeant closely misses you. The gnoll attacks as it pursues you!
The gnoll hits you with a +0 whip.
* * * LOW HITPOINT WARNING * * *
The gnoll sergeant attacks as it pursues you!
The gnoll sergeant closely misses you. The gnoll hits you with a +0 whip.
You die...

Action                     |  1- 3 |  4- 6 |  7- 9 || total
---------------------------+-------+-------+-------++-------
  Melee: Dagger            |    70 |    49 |       ||   119
         Punch             |     1 |       |     2 ||     3
         Flail             |       |    76 |   119 ||   195
   Stab: Sleeping          |    15 |    31 |    28 ||    74
         Distracted        |       |       |     1 ||     1
 Armour: Robe              |    23 |    62 |    64 ||   149
  Dodge: Dodged            |    36 |   108 |   159 ||   303

Levels and vault maps discovered:
D:1:      psy_arrival_basics, layout_rooms, chequers_serial_rivers_room_b
D:2:      minmay_razor_zed, layout_rooms, serial_shops,
          nicolae_shop_bloodbath_and_beyond, shop, nicolae_shop_real_fake_doors,
          shop, shapermc_ecumenical_altar_rom_forum, basic_altar,
          bh_walls_and_bars
D:3:      kennysheep_goblin_castle, layout_loops_ring, overflow_temple_1_default
D:4:      layout_cave_pods, chei_slow_surprise
D:5:      layout_layer_cave, mainiacjoe_overflow_alcove_1,
          gup_ossuary_entry_pyramid, uniq_edmund

Notes
Turn   | Place    | Note
-------+----------+-------------------------------------------
     0 | D:1      | sanka the Kobold Brigand began the quest for the Orb.
     0 | D:1      | Reached XP level 1. HP: 12/12 MP: 1/1
   148 | D:1      | Reached XP level 2. HP: 18/18 MP: 2/2
   193 | D:1      | Reached skill level 3 in Short Blades
   578 | D:2      | Found Oduithre's Weapon Emporium.
   583 | D:2      | Reached XP level 3. HP: 22/22 MP: 3/3
   590 | D:2      | Found a blossoming altar of Fedhas.
   598 | D:2      | Found Joadak's Jewellery Boutique.
   615 | D:2      | Reached skill level 2 in Dodging
   675 | D:2      | Found Jeyrid's Assorted Antiques.
   830 | D:2      | Found Ygrairepte's Jewellery Shoppe.
   833 | D:2      | Reached XP level 4. HP: 27/27 MP: 4/4
   943 | D:2      | Reached skill level 3 in Fighting
   994 | D:2      | Reached skill level 6 in Stealth
  1019 | D:2      | Found a faded altar of an unknown god.
  1025 | D:2      | Got Plato's Atlas of the Cucurbite
  1357 | D:2      | Reached skill level 4 in Short Blades
  1357 | D:2      | Reached XP level 5. HP: 32/32 MP: 5/5
  1359 | D:2      | Identified the +8 flail of Golden Subterfuge {heavy, rElec
                  | rC+ Dex-2}
  1548 | D:3      | Reached skill level 3 in Dodging
  1862 | D:3      | Noticed Ijyb
  1872 | D:3      | Killed Ijyb
  2245 | D:3      | Found an opulent altar of Gozag.
  2608 | D:4      | Reached skill level 4 in Dodging
  2608 | D:4      | Reached skill level 7 in Stealth
  2608 | D:4      | Reached XP level 6. HP: 37/37 MP: 6/6
  2635 | D:4      | Noticed a black bear
  2642 | D:4      | Killed a black bear
  2930 | D:4      | Found a snail-covered altar of Cheibriados.
  3178 | D:4      | Noticed an ogre
  3184 | D:4      | Killed an ogre
  3185 | D:4      | Reached skill level 5 in Dodging
  3185 | D:4      | Reached skill level 8 in Stealth
  3185 | D:4      | Reached XP level 7. HP: 41/41 MP: 7/7
  3580 | D:5      | Entered Level 5 of the Dungeon
  3613 | D:5      | Found a sand-covered staircase.
  3622 | Ossuary  | Entered an ossuary
  3750 | Ossuary  | Reached skill level 6 in Dodging
  3874 | Ossuary  | Reached skill level 7 in Dodging
  4162 | D:5      | Noticed Edmund
  4169 | D:5      | Killed Edmund
  4170 | D:5      | Reached skill level 8 in Dodging
  4170 | D:5      | Reached XP level 8. HP: 30/46 MP: 8/8
  4535 | D:5      | Reached skill level 9 in Dodging
  4694 | D:5      | Reached skill level 10 in Dodging
  4802 | D:5      | HP: 2/46 [gnoll/+0 halberd[a gnoll sergeant] (9)]
  4804 | D:5      | Slain by a gnoll

Vanquished Creatures
  Edmund (D:5)
  A black bear (D:4)
  2 ogres
  2 scorpions (D:5)
  3 centaur zombies (Ossuary)
  A jelly (D:5)
  3 hounds (D:5)
  An orc priest (D:4)
  2 iguanas (D:5)
  An orc wizard (D:5)
  Ijyb (D:3)
  2 ogre zombies (Ossuary)
  8 mummies
  7 adders
  2 ufetubi (D:5)
  2 adder zombies (Ossuary)
  6 dart slugs
  3 ribbon worms
  8 orcs
  6 endoplasms
  5 giant cockroaches
  15 goblins
  3 hobgoblins
  6 jackals
  10 kobolds
  5 quokkas
  5 ball pythons
  5 bats
  6 frilled lizards
  A gnoll zombie (Ossuary)
  8 goblin zombies (Ossuary)
  2 hobgoblin zombies (Ossuary)
  2 kobold zombies (Ossuary)
  5 quokka zombies (Ossuary)
  6 rats
  5 rat zombies (Ossuary)
151 creatures vanquished.
